 Dungeon Sprint DCSS version 0.22.1-2-g9c5b331 (webtiles) character file.

1269 diana the Thaumaturge (level 8, -13/39 (41) HPs)
             Began as a Deep Elf Fire Elementalist on Dec 24, 2018.
             Was an Elder of Sif Muna.
             Mangled by Snorg (18 damage)
             ... in the Dungeon (Sprint III: "The Ten Rune Challenge").
             The game lasted 00:05:37 (1105 turns).

diana the Thaumaturge (Deep Elf Fire Elementalist)  Turns: 1105, Time: 00:05:38

HP:   -13/39 (41)   AC:  2    Str:  5    XL:     8   Next: 28%
MP:   3/28          EV: 13    Int: 23    God:    Sif Muna [****..]
Gold: 15            SH:  0    Dex: 15    Spells: 25/35 levels left

rFire    . . .     SeeInvis .   (no weapon)
rCold    . . .     Gourm    .   (no shield)
rNeg     . . .     Faith    .   a - +0 robe
rPois    .         Spirit   .   (no helmet)
rElec    +         Reflect  .   (no cloak)
rCorr    .         Harm     .   (no gloves)
MR       .....     NoTele   +   (no boots)
Stlth    ++........             (no amulet)
HPRegen  0.13/turn              (no ring)
MPRegen  0.21/turn              (no ring)

@: very slightly contaminated, starving, hasted, divine energy, very quick
A: hooves 1, electricity resistance, MP-powered wands
a: Stop Divine Energy, Channel Magic, Forget Spell, Renounce Religion


You were in the Dungeon.
You worshipped Sif Muna.
Sif Muna was greatly pleased with you.
You were starving.

You visited 1 branch You collected 15 gold pieces.

Inventory:

Armour
 a - a +0 robe (worn)
Wands
 p - a wand of enslavement (10)
Scrolls
 j - a scroll of torment {unknown}
 k - 3 scrolls of identify
 l - 2 scrolls of remove curse {unknown}
 o - a scroll of immolation {unknown}
Potions
 b - a potion of might
 d - a potion of curing
 e - a potion of heal wounds
 g - 2 potions of magic
 h - a potion of berserk rage
 m - a potion of invisibility {unknown}
 n - 2 potions of flight {unknown}
Miscellaneous
 q - a phantom mirror
Comestibles
 c - 4 rations


   Skills:
 - Level 2.4 Dodging
 - Level 2.4 Stealth
 * Level 14.4 Spellcasting
 + Level 11.1 Conjurations
 + Level 11.5 Fire Magic
 + Level 0.0 Invocations


You had 25 spell levels left.
You knew the following spells:

 Your Spells              Type           Power        Failure   Level  Hunger
a - Flame Tongue          Conj/Fire      #####        1%          1    None
b - Conjure Flame         Conj/Fire      ######..     1%          3    None
c - Fireball              Conj/Fire      ######....   1%          5    ###....
d - Apportation           Tloc           ###...       3%          1    None

Your spell library contained the following spells:

 Spells                   Type           Power        Failure   Level  Hunger
 Throw Flame              Conj/Fire      ######       1%          2    None
 Inner Flame              Hex/Fire       #####...     1%          3    None
 Sticky Flame             Conj/Fire      ######..     1%          4    None
 Animate Skeleton         Necr           N/A          3%          1    None
 Confusing Touch          Hex            ###...       3%          1    None
 Summon Small Mammal      Summ           ###.         3%          1    None
 Confuse                  Hex            ###.....     11%         3    None
 Gell's Gravitas          Tloc           ###.......   11%         3    None
 Petrify                  Tmut/Erth      ###.....     34%         4    None
 Metabolic Englaciation   Hex/Ice        ###.......   69%         5    ###....
 Yara's Violent Unravell  Hex/Tmut       ###.......   69%         5    ###....


Dungeon Overview and Level Annotations

Branches:
Dungeon (1/1)

Altars:
Cheibriados
Dithmenos
Elyvilon
Fedhas
Gozag
Hepliaklqana
Kikubaaqudgha
Makhleb
Nemelex Xobeh
Okawaru
Qazlal
Ru
Sif Muna
Trog
Uskayaw
Vehumet
Wu Jian
Xom
Yredelemnul
Zin
The Shining One
Beogh
Jiyva
Lugonu

Annotations:
D Snorg


Innate Abilities, Weirdness & Mutations

You have large cloven feet.
You are resistant to electric shocks. (rElec)
You expend magic power (3 MP) to strengthen your wands.


Message History

Confirm with . or Enter, or press ? or * to list all spells.
Aiming: Fireball (safe; 1% risk of failure)
Press: ? - help, Shift-Dir - straight line The fireball explodes!
The fireball engulfs Snorg.
Snorg is heavily wounded.
Casting: Fireball (safe; 1% risk of failure)
Confirm with . or Enter, or press ? or * to list all spells.
Aiming: Fireball (safe; 1% risk of failure)
Press: ? - help, Shift-Dir - straight line, f - Snorg
Aim: Snorg (flame, heavily wounded, berserk, fast, unusually strong)
The fireball explodes!
The fireball engulfs Snorg.
Snorg is severely wounded.
You are starving!
Snorg is engulfed in blazing flames.
Snorg completely misses you. Snorg misses you. x2
Okay, then.
You feel yourself speed up. Snorg bites you. Snorg claws you!
* * * LOW HITPOINT WARNING * * *
Snorg claws you!!
You die...

▓▓▓ # ##.############
#####..#___#___#__#
.#..#..#.).#__.#._#
.#..#..###'#'###'##
.##'#..#....÷...@.#
.###...'.⌠......T.#
####...#...######§#
###....#.⌠.#__#...#+#####
##†....#...#__#...#§T§§§+
#......#'###__#...#§#§§§
.#.....#)).#__#...§.#T§§
###....#___#__'...#.#§§§
▓▓▓▓▓▓▓▓▓▓▓▓▓▓▓▓▓▓▓▓▓


You could see Snorg (berserk).

Vanquished Creatures
  A deep elf mage (D)
  A shadow (D)
  A spatial vortex (D)
  A necrophage (D)
  A water elemental (D)
  A scorpion (D)
  A jelly (D)
  A wizard (D)
  Jessica (D)
  A necromancer (D)
  3 humans (D)
  A kobold demonologist (D)
  2 oozes (D)
  A rat (D)
17 creatures vanquished.

Vanquished Creatures (others)
  2 draconian scorchers (D)
  6 hellions (D)
  A yaktaur (D)
9 creatures vanquished.

Grand Total: 26 creatures vanquished

Notes
Turn   | Place    | Note
-------+----------+-------------------------------------------
     0 | D        | diana the Deep Elf Fire Elementalist began the quest for
                  | the Orb.
     0 | D        | Reached XP level 1. HP: 10/10 MP: 6/6
    51 | D        | Killed a yaktaur
    52 | D        | Reached XP level 2. HP: 12/15 MP: 3/8
    86 | D        | Killed a hellion
   101 | D        | Killed a hellion
   114 | D        | Noticed Jessica
   120 | D        | Killed Jessica
   120 | D        | Reached skill level 4 in Spellcasting
   120 | D        | Reached skill level 5 in Fire Magic
   120 | D        | Reached XP level 3. HP: 12/19 MP: 3/11
   164 | D        | Killed a white draconian scorcher
   167 | D        | Killed a white draconian scorcher
   181 | D        | Killed a hellion
   225 | D        | Noticed a scorpion
   229 | D        | Killed a scorpion
   229 | D        | Reached skill level 5 in Spellcasting
   229 | D        | Reached skill level 5 in Conjurations
   229 | D        | Reached XP level 4. HP: 24/24 MP: 7/13
   234 | D        | Reached skill level 6 in Spellcasting
   250 | D        | Gained mutation: Your flesh is heat resistant. (rF+)
                  | [potion of mutation]
   250 | D        | Gained mutation: You occasionally shout uncontrollably at
                  | your foes. [potion of mutation]
   250 | D        | Gained mutation: You are partially covered in yellow
                  | scales. (AC +2) [potion of mutation]
   251 | D        | Lost mutation: You are partially covered in yellow scales.
                  | (AC +2) [potion of mutation]
   251 | D        | Lost mutation: You occasionally shout uncontrollably at
                  | your foes. [potion of mutation]
   251 | D        | Lost mutation: Your flesh is heat resistant. (rF+) [potion
                  | of mutation]
   251 | D        | Gained mutation: You possess an exceptional clarity of
                  | mind. [potion of mutation]
   251 | D        | Gained mutation: You are somewhat resistant to further
                  | mutation. [potion of mutation]
   251 | D        | Gained mutation: You are dopey. (Int -2) [potion of
                  | mutation]
   252 | D        | Lost mutation: You are somewhat resistant to further
                  | mutation. [potion of mutation]
   252 | D        | Lost mutation: You are dopey. (Int -2) [potion of mutation]
   252 | D        | Lost mutation: You possess an exceptional clarity of mind.
                  | [potion of mutation]
   252 | D        | Gained mutation: You have large cloven feet. [potion of
                  | mutation]
   252 | D        | Gained mutation: You are resistant to electric shocks.
                  | (rElec) [potion of mutation]
   252 | D        | Gained mutation: You expend magic power (3 MP) to
                  | strengthen your wands. [potion of mutation]
   275 | D        | Killed a hellion
   320 | D        | Learned a level 3 spell: Conjure Flame
   323 | D        | Noticed a water elemental
   326 | D        | Killed a water elemental
   326 | D        | Reached XP level 5. HP: 28/28 MP: 9/16
   363 | D        | Killed a hellion
   373 | D        | Found a radiant altar of Vehumet.
   376 | D        | Found a deep blue altar of Sif Muna.
   376 | D        | Found an ancient bone altar of Kikubaaqudgha.
   381 | D        | Noticed an orange demon
   384 | D        | Reached skill level 7 in Spellcasting
   384 | D        | Killed a hellion
   473 | D        | Learned a level 5 spell: Fireball
   481 | D        | Became a worshipper of Sif Muna the Loreminder
   600 | D        | Found a glowing silver altar of Zin.
   600 | D        | Found a glowing golden altar of the Shining One.
   600 | D        | Found a white marble altar of Elyvilon.
   600 | D        | Noticed a deep elf mage
   603 | D        | Killed a deep elf mage
   603 | D        | Reached * piety under Sif Muna
   603 | D        | Reached ** piety under Sif Muna
   603 | D        | Reached skill level 12 in Spellcasting
   603 | D        | Reached skill level 10 in Fire Magic
   603 | D        | Reached XP level 6. HP: 32/32 MP: 1/23
   603 | D        | Reached XP level 7. HP: 36/36 MP: 1/24
   725 | D        | Learned a level 1 spell: Apportation
   726 | D        | Found a hide-covered altar of Uskayaw.
   726 | D        | Found a roughly hewn altar of Beogh.
   726 | D        | Found an iron altar of Okawaru.
   726 | D        | Found a bloodstained altar of Trog.
   726 | D        | Found an ornate altar of the Wu Jian Council.
   726 | D        | Noticed a human
   726 | D        | Noticed a human
   728 | D        | Killed a human
   728 | D        | Reached *** piety under Sif Muna
   728 | D        | Reached skill level 10 in Conjurations
   729 | D        | Killed a human
   729 | D        | Reached skill level 13 in Spellcasting
   813 | D        | Found a basalt altar of Yredelemnul.
   813 | D        | Found a shadowy altar of Dithmenos.
   813 | D        | Found a sacrificial altar of Ru.
   820 | D        | Reached **** piety under Sif Muna
   917 | D        | Reached XP level 8. HP: 38/39 MP: 21/27
   920 | D        | Reached skill level 14 in Spellcasting
   980 | D        | Found a blossoming altar of Fedhas.
   980 | D        | Found a stormy altar of Qazlal.
   980 | D        | Found a snail-covered altar of Cheibriados.
   980 | D        | Found a burning altar of Makhleb.
   980 | D        | Found a shimmering altar of Xom.
   983 | D        | Found a hazy altar of Hepliaklqana.
   983 | D        | Found an opulent altar of Gozag.
   983 | D        | Found a sparkling altar of Nemelex Xobeh.
   983 | D        | Found a corrupted altar of Lugonu.
   983 | D        | Found a viscous altar of Jiyva.
  1092 | D        | Noticed Snorg
  1105 | D        | Mangled by Snorg

Skill      XL: |  1  2  3  4  5  6  7  8 |
---------------+-------------------------+-----
Conjurations   | 3 4 5 7 9 10 11 | 11.1
Fire Magic     | 4 5 6 8 10 11 | 11.5
Spellcasting   | 4 5 6 12 13 14 | 14.4
Dodging        | |  2.4
Stealth        | |  2.4

Action                   |  1- 3 |  4- 6 |  7- 9 || total
-------------------------+-------+-------+-------++-------
 Cast: Flame Tongue      |    15 |    20 |    16 ||    51
       Conjure Flame     |       |     2 |     2 ||     4
       Fireball          |       |     2 |    12 ||    14
Invok: Divine Energy     |       |       |     1 ||     1
  Use: Potion            |       |     3 |     1 ||     4
       Scroll            |       |       |     1 ||     1
Dodge: Dodged            |     3 |     7 |     4 ||    14
